 Dungeon Crawl Stone Soup version 0.31.0-12-g77e489cdc1 (webtiles) character file.

Game seed: 6239249076935283854

408 sking99 the Gusty (level 6, -4/36 HPs)
             Began as a Tengu Air Elementalist on Mar 1, 2024.
             Was a Follower of Sif Muna.
             Slain by an ogre
             ... wielding a +0 giant spiked club
              (34 damage)
             ... on level 4 of the Dungeon.
             The game lasted 00:11:12 (4004 turns).

sking99 the Gusty (Tengu Air Elementalist)          Turns: 4004, Time: 00:11:13

Health: -4/36      AC:  7    Str: 10    XL:     6   Next: 88%
Magic:  12/13      EV: 18    Int: 16    God:    Sif Muna [*.....]
Gold:   216        SH:  0    Dex: 14    Spells: 3/13 levels left

rFire   . . .        q - +1 whip
rCold   . . .        (no shield)
rNeg    . . .        a - +0 robe
rPois   .            (helmet restricted)
rElec   .            (no cloak)
rCorr   .            i - +0 pair of gloves
SInv    .            (boots unavailable)
Will    .....        c - amulet of magic regeneration
Stlth   ++           y - +5 ring of evasion
HPRegen 0.26/turn    o - +4 ring of protection
MPRegen 0.53/turn

%: acrobat
@: no status effects
A: beak, talons 3, acrobatic
a: Renounce Religion, Channel Magic


You were on level 4 of the Dungeon.
You worshipped Sif Muna.
Sif Muna was aware of your devotion.
You visited 1 branch of the dungeon, and saw 5 of its levels.

You collected 216 gold pieces.

Inventory:

Hand Weapons
 q - a +1 whip (weapon)
Armour
 a - a +0 robe (worn)
 i - a +0 pair of gloves (worn)
Jewellery
 c - an amulet of magic regeneration (around neck)
 d - a ring of protection from fire
 l - a +6 ring of intelligence
 m - a +6 ring of dexterity
 o - a +4 ring of protection (right hand)
 p - a ring of resist corrosion
 u - an amulet of regeneration
 y - a +5 ring of evasion (left hand)
Wands
 x - a wand of iceblast (10)
Scrolls
 e - a scroll of enchant weapon
 f - a scroll of poison
 g - a scroll of revelation
 j - 3 scrolls of identify
 n - a scroll of blinking
Potions
 b - 2 potions of magic
 h - 2 potions of mutation {unknown}
 k - 3 potions of cancellation
 r - a potion of ambrosia {unknown}
 t - a potion of curing {unknown}
 w - a potion of enlightenment {unknown}


   Skills:
 - Level 2.4 Fighting
 - Level 3.6 Dodging
 - Level 2.0 Stealth
 - Level 4.1 Spellcasting
 - Level 3.0 Conjurations
 + Level 5.4 Air Magic
 - Level 1.3 Invocations


You had 3 spell levels left.
You knew the following spells:

 Your Spells              Type           Power      Damage    Failure   Level
a - Shock                 Conj/Air       64%        1d7       3%          1
b - Static Discharge      Conj/Air       32%        3-5/arc   4%          2
c - Airstrike             Air            10%        2d(2-18)  19%         4
z - Swiftness             Air            20%        N/A       5%          3

Your spell library contained the following spells:

 Spells                   Type           Power      Damage    Failure   Level
 Kiss of Death            Conj/Necr      32%        2d7       9%          1
 Slow                     Hex            12%        N/A       17%         1
 Confusing Touch          Hex            3%         N/A       45%         3
 Ozocubu's Armour         Ice            3%         N/A       45%         3
 Sigil of Binding         Hex            3%         N/A       45%         3
 Vampiric Draining        Necr           3%         2d6       45%         3
 Dispel Undead            Necr           3%         3d7       86%         4
 Metabolic Englaciation   Hex/Ice        1%         N/A       99%         5
 Sculpt Simulacrum        Ice/Alch       1%         N/A       100%        6


Dungeon Overview and Level Annotations

Branches:
Dungeon (5/15)
 Temple: D:4-7

Altars:
Kikubaaqudgha
Qazlal
Sif Muna
The Shining One

Annotations:
D:5 Ijyb


Innate Abilities, Weirdness & Mutations

You have a beak for a mouth.
You have claws for feet.
You can magically evade attacks while moving or waiting.


Message History

Confirm with . or Enter, or press ? or * to list all spells.
Aiming: Shock (safe; 3% risk of failure)
Press: ? - help, Shift-Dir - straight line The zap misses the orc priest.
The zap hits the orc priest.
The orc priest is moderately wounded.
The orc priest misses you.
Casting: Shock (safe; 3% risk of failure)
Confirm with . or Enter, or press ? or * to list all spells.
Aiming: Shock (safe; 3% risk of failure)
Press: ? - help, Shift-Dir - straight line The zap hits the orc priest.
The orc priest is severely wounded.
The zap hits the orc priest.
You kill the orc priest!
Sif Muna accepts your kill.
You can now call upon Sif Muna for magical energy.
You start resting.
Magic restored.
You climb downwards.
Level annotation: Ijyb The orc priest mumbles some strange prayers to Beogh against you.
Beogh smites you! The ogre misses you.
There is a stone staircase leading up here.
The ogre misses you.
You climb upwards.
There is a stone staircase leading down here.
The ogre attacks as it pursues you! The ogre completely misses you.
The ogre attacks as it pursues you! The ogre completely misses you.
The ogre attacks as it pursues you! The ogre closely misses you.
Casting: Shock (safe; 3% risk of failure)
Confirm with . or Enter, or press ? or * to list all spells.
Aiming: Shock (safe; 3% risk of failure)
Press: ? - help, Shift-Dir - straight line The zap hits the ogre.
The ogre is lightly wounded.
The zap hits the ogre.
The ogre is moderately wounded.
The ogre hits you with a +0 giant spiked club!!
Ouch! That really hurt!
You die...

.###..#.###.#########.##).#######
.##'..+..........................
.###..#.####...########..##...##.
.##'..#.# ###.# #...##...##.
.###..#.# ##'#######.#.........
.##'....#####...............♣....
.###........#......####'.........
..####..##...............##...##.
........#...#...@O..#....##...##.
.#......#..##.#####.#.......#....
.####......#...# #.......#####...
##......##...#.# #.#.#..## #....
.#####..###.##.###.###..#####.##.
.##.........#...#...#.......).##.
.##########...#.#.#...#.##..####.
## #..##.#.##.##.##>[# #.
#..#.....#.#...#.## #.


You could see an ogre.

Vanquished Creatures
  A phantom (D:4)
  A hound (D:4)
  An orc priest (D:4)
  Jessica (D:3)
  Natasha (thrice) (D:3)
  An iguana (D:4)
  3 adders
  A white imp (D:4)
  2 dart slugs
  2 ribbon worms
  6 orcs
  8 endoplasms
  2 giant cockroaches
  8 goblins
  13 hobgoblins
  5 jackals
  10 kobolds
  A quokka (D:4)
  9 ball pythons
  8 bats
  5 frilled lizards
  7 rats
98 creatures vanquished.

Notes
Turn   | Place    | Note
-------+----------+-------------------------------------------
     0 | D:1      | sking99 the Tengu Air Elementalist began the quest for the
                  | Orb.
     0 | D:1      | Reached XP level 1. HP: 10/10 MP: 4/4
   146 | D:1      | Reached XP level 2. HP: 11/15 MP: 3/6
   161 | D:1      | Learned a level 2 spell: Static Discharge
   655 | D:1      | Reached XP level 3. HP: 19/19 MP: 5/7
  1083 | D:2      | Reached skill level 5 in Air Magic
  1162 | D:2      | Found a stormy altar of Qazlal.
  1355 | D:2      | Reached XP level 4. HP: 24/24 MP: 6/9
  1677 | D:2      | You fall into a shaft and drop 1 floor!
  1689 | D:3      | Noticed Jessica
  1699 | D:3      | Killed Jessica
  2161 | D:3      | Noticed Natasha
  2166 | D:3      | Killed Natasha
  2167 | D:3      | Reached XP level 5. HP: 26/28 MP: 9/11
  2330 | D:3      | Noticed Natasha
  2338 | D:3      | Killed Natasha
  2339 | D:3      | Reached skill level 1 in Fighting
  2512 | D:3      | Noticed Natasha
  2531 | D:3      | Killed Natasha
  2880 | D:4      | Found an ancient bone altar of Kikubaaqudgha.
  2893 | D:4      | Found a glowing golden altar of the Shining One.
  2894 | D:4      | Found a shimmering blue altar of Sif Muna.
  2905 | D:4      | Became a worshipper of Sif Muna the Loreminder
  2963 | D:4      | Reached XP level 6. HP: 35/35 MP: 7/12
  2975 | D:4      | Learned a level 3 spell: Swiftness
  2980 | D:4      | Learned a level 4 spell: Airstrike
  3213 | D:4      | Reached skill level 1 in Invocations
  3953 | D:5      | Entered Level 5 of the Dungeon
  3953 | D:5      | Noticed Ijyb
  3983 | D:4      | Reached * piety under Sif Muna
  4004 | D:4      | Slain by an ogre

Illustrated notes

Levels and vault maps discovered:
D:1:      erik_arrival_blinker_ship, layout_loops_ring, fountainhead
D:2:      layout_loops_corners, basic_altar, minmay_joined_circles
D:3:      layout_basic, minmay_statues_item, minmay_fractal_squares_diagonal_5,
          uniq_natasha, uniq_jessica
D:4:      layout_basic, minitemple, serial_library,
          serial_library_hellmonk_open_square, serial_library_hellmonk_u_bend,
          serial_library_hellmonk_small_alcove,
          serial_library_hellmonk_double_dead_end,
          serial_library_regret_index_small_wings,
          serial_library_hellmonk_filled_rooms,
          serial_library_hellmonk_reading_circle,
          serial_library_hellmonk_room_c, serial_library_hellmonk_hallway_a,
          serial_library_hellmonk_room_b, dk_noncrumbling_2,
          nicolae_zig_zag_zippers
D:5:      layout_gridville, serial_shops, shop, grunt_ministairs_2,
          uniq_duvessa, uniq_prince_ribbit1, uniq_ijyb

Skill      XL: |  1  2  3  4  5  6 |
---------------+-------------------+-----
Conjurations   | 2 3 |  3.0
Air Magic      | 5 |  5.4
Spellcasting   | 3 4 |  4.1
Fighting       | 1 2 |  2.4
Dodging        | 3 |  3.6
Invocations    | 1 |  1.3
Stealth        | |  2.0

Action                     |  1- 3 |  4- 6 || total
---------------------------+-------+-------++-------
  Melee: Unarmed           |     1 |       ||     1
         Kick              |     1 |       ||     1
   Cast: Shock             |    81 |   120 ||   201
         Static Discharge  |     1 |     5 ||     6
         Swiftness         |       |     1 ||     1
    Use: Scroll            |       |     7 ||     7
 Armour: Robe              |    14 |    19 ||    33
  Dodge: Dodged            |    23 |    37 ||    60
